 Dungeon Crawl Stone Soup version 0.23.2-30-g0e89c35649 (webtiles) character file.

Game seed: 8782871812236961851

695 lepoulpe303 the Covert (level 7, -5/32 HPs)
             Began as a Spriggan Enchanter on June 18, 2019.
             Slain by a gnoll
             ... wielding a +0 spear
              (6 damage)
             ... on level 5 of the Dungeon.
             The game lasted 00:37:02 (7675 turns).

lepoulpe303 the Covert (Spriggan Enchanter)         Turns: 7675, Time: 00:37:03

Health: -5/32      AC:  2    Str:  4    XL:     7   Next: 37%
Magic:  23/23      EV:  9    Int: 18    God:
Gold:   221        SH:  0    Dex: 17    Spells: 5/14 levels left

rFire    . . .     SeeInvis +   a - +2 short sword (venom)
rCold    . . .     Gourm    .   (shield restricted)
rNeg     . . .     Faith    .   l - +0 robe
rPois    .         Spirit   .   (helmet restricted)
rElec    .         Reflect  .   (no cloak)
rCorr    .         Harm     .   (gloves unavailable)
MR       +....                  (boots unavailable)
Stlth    ++++......             n - amulet of magic regeneration
HPRegen  0.10/turn              k - ring of magical power {MP+9}
MPRegen  0.43/turn              (no ring)

@: about to teleport, marked, held, very quick
A: very small, unfitting armour, see invisible, herbivore, speed 3, slow
metabolism 2
a: no special abilities


You were on level 5 of the Dungeon.
You were very hungry.

You visited 1 branch of the dungeon, and saw 5 of its levels.

You collected 221 gold pieces.

Inventory:

Hand Weapons
 a - a +2 short sword of venom (weapon)
 b - a +0 short sword
 c - a +2 dagger of protection
Missiles
 j - 6 tomahawks
 s - a throwing net {=f}
 v - 4 curare-tipped needles
 y - 22 poisoned needles
 Q - 107 stones (quivered)
Armour
 l - a +0 robe (worn)
 m - a +0 buckler
Jewellery
 k - a ring of magical power (left hand) {MP+9}
 n - an amulet of magic regeneration (around neck)
Scrolls
 i - 4 scrolls of identify
 o - a scroll of enchant armour {unknown}
 u - a scroll of amnesia {unknown}
Potions
 d - 2 potions of agility {unknown}
 f - a potion of brilliance {unknown}
 g - a potion of might {unknown}
 h - a potion of lignification {unknown}
 p - a potion of ambrosia {unknown}
 q - 2 potions of curing
 r - a potion of flight {unknown}
 w - a potion of mutation {unknown}
 x - a potion of heal wounds {unknown}
Comestibles
 e - 8 rations


   Skills:
 - Level 5.2 Short Blades
 - Level 3.0 Dodging
 - Level 8.0 Stealth
 + Level 2.2 Shields
 - Level 4.0 Spellcasting
 + Level 4.9 Hexes


You had 5 spell levels left.
You knew the following spells:

 Your Spells              Type           Power        Failure   Level  Hunger
a - Ensorcelled Hibernat  Hex/Ice        ##....       9%          2    ##.....
b - Tukima's Dance        Hex            ###.....     6%          3    ###....
c - Confuse               Hex            ###.....     6%          3    ###....
v - Corona                Hex            ###....      1%          1    None

Your spell library contained the following spells:

 Spells                   Type           Power        Failure   Level  Hunger
 Dazzling Spray           Conj/Hex       ##....       16%         3    ###....


Dungeon Overview and Level Annotations

Branches:
Dungeon (5/15)
 Temple: D:4-7

Altars:
Makhleb

Shops:
D:4 }


Innate Abilities, Weirdness & Mutations

You are very small and have problems with some larger weapons.
You are too small for most types of armour.
You have supernaturally acute eyesight. (SInv)
You are a herbivore.
You cover ground extremely quickly.
You need to consume almost no food.


Message History

There is a stone staircase leading up here.
The gnoll throws a throwing net.
The throwing net hits you.
You become entangled in the net!
You stop ascending the stairs.
You struggle against the net.
You struggle against the net.
A gnoll comes into view. It is wielding a +0 whip.
The bullfrog skeleton hits you.
* * * LOW HITPOINT WARNING * * *
You take 2 damage, and have 8/32 hp.
You struggle against the net.
The gnoll zaps a wand.
You hear a grinding noise.
The bullfrog skeleton completely misses you.
As you read the scroll of teleportation, it crumbles to dust.
You feel strangely unstable. The bullfrog skeleton hits you!
* * * LOW HITPOINT WARNING * * *
The gnoll hits you from afar with a +0 spear.
You die...

#######
#.....###############
#............>......######
#.....#############.†....##
#...).......# ######...
########..@.# ###### #>.Z.#
########.....
#...g###........####
#....S..Z.###...####
#....#.##.# ###.†...
#....g#g#.# ##......
#...>..#..# #.......
........ ..# #.......
###.....#...# #.....S.


You could see 3 gnolls, an adder and a bullfrog skeleton.

Levels and vault maps discovered:
D:1:      minmay_arrival_shoal_huts, layout_basic
D:2:      cheibrodos_old_hovel, layout_loops_cross
D:3:      layout_loops_cross, uniq_natasha, uniq_ijyb, uniq_robin
D:4:      kennysheep_kobold_camp, layout_basic, kennysheep_little_box,
          serial_shops, shop, first_ration
D:5:      layout_rooms, nicolae_zen_rock_garden, dk_noncrumbling_4

Notes
Turn   | Place    | Note
-------+----------+-------------------------------------------
     0 | D:1      | lepoulpe303 the Spriggan Enchanter began the quest for the
                  | Orb.
     0 | D:1      | Reached XP level 1. HP: 9/9 MP: 5/5
     7 | D:1      | Identified a +0 dagger
   332 | D:1      | Identified a +0 club
   453 | D:1      | Identified a +0 whip
   458 | D:1      | HP: 2/9 [kobold/+0 whip (7)]
   742 | D:1      | Identified a +0 dagger
   750 | D:1      | HP: 2/9 [goblin/+0 dagger (6)]
   986 | D:1      | Reached XP level 2. HP: 11/13 MP: 6/6
  1023 | D:1      | Identified a +0 club
  1028 | D:1      | Reached skill level 5 in Stealth
  1049 | D:1      | Identified a cursed -1 club
  1055 | D:1      | Reached skill level 2 in Short Blades
  1143 | D:1      | Learned a level 2 spell: Ensorcelled Hibernation
  1818 | D:1      | HP: 3/13 [dart slug (1)]
  2275 | D:2      | Reached XP level 3. HP: 16/16 MP: 8/8
  2280 | D:2      | Learned a level 3 spell: Confuse
  2333 | D:2      | Identified a +0 whip
  2334 | D:2      | Identified a +0 halberd
  2336 | D:2      | Identified a +0 club
  2452 | D:2      | Identified 2 scrolls of teleportation
  2468 | D:2      | Identified a +0 club
  2583 | D:2      | Reached skill level 3 in Short Blades
  2583 | D:2      | Reached skill level 6 in Stealth
  2603 | D:2      | Reached XP level 4. HP: 21/21 MP: 1/9
  3059 | D:2      | Reached skill level 7 in Stealth
  3122 | D:2      | Reached XP level 5. HP: 9/24 MP: 10/10
  3127 | D:2      | Learned a level 3 spell: Tukima's Dance
  3308 | D:1      | Identified 2 scrolls of identify
  3308 | D:1      | Identified a ring of magical power (You found it on level 2
                  | of the Dungeon)
  3434 | D:2      | Identified a +0 dagger
  3566 | D:3      | Identified a +0 club
  3566 | D:3      | Identified a +0 club
  3569 | D:3      | Identified a +2 trident of protection
  3569 | D:3      | Identified a +0 animal skin
  3569 | D:3      | Identified a +0 helmet
  3569 | D:3      | Noticed Robin
  3569 | D:3      | Identified a +0 dagger
  3569 | D:3      | Identified a +0 dagger of venom
  3628 | D:3      | Reached skill level 4 in Short Blades
  3638 | D:2      | Identified a scroll of magic mapping
  3733 | D:3      | Identified a +0 dagger
  3754 | D:2      | Killed Robin
  3918 | D:3      | Identified a cursed -3 club
  4014 | D:3      | Identified a +0 dagger
  4405 | D:3      | Noticed Natasha
  4414 | D:3      | Killed Natasha
  4427 | D:3      | Identified a +0 club
  4428 | D:3      | Identified a +0 falchion
  4429 | D:3      | Identified a +0 short sword
  4434 | D:3      | Identified a +0 flail
  4434 | D:3      | Identified a +0 leather armour
  4650 | D:3      | Identified a +0 leather armour
  4650 | D:3      | Noticed Ijyb
  4655 | D:3      | Killed Ijyb
  4655 | D:3      | Reached XP level 6. HP: 28/28 MP: 11/11
  4659 | D:3      | Identified a +0 club
  4660 | D:3      | Identified a +0 flail
  4661 | D:3      | Identified a +0 flail
  4661 | D:3      | Identified a +0 ring mail
  4661 | D:3      | Identified a +0 ring mail
  4663 | D:3      | Identified a +0 flail
  4663 | D:3      | Identified a +0 club
  4663 | D:3      | Identified a +0 scale mail
  4715 | D:3      | Reached skill level 8 in Stealth
  4730 | D:3      | Reached skill level 1 in Shields
  4831 | D:3      | Identified a +0 club
  4868 | D:3      | Identified an amulet of magic regeneration (You found it on
                  | level 3 of the Dungeon)
  4881 | D:3      | Identified a +0 club
  5194 | D:4      | Identified a cursed +0 whip
  5194 | D:4      | Identified a +0 whip
  5194 | D:4      | Identified a +0 ring mail
  5196 | D:4      | Identified a +0 club
  5196 | D:4      | Identified a +0 leather armour
  5197 | D:4      | Identified a +2 dagger of protection
  5197 | D:4      | Identified a +0 robe
  5212 | D:4      | Identified a +0 dagger
  5214 | D:4      | Reached skill level 5 in Short Blades
  5297 | D:4      | Identified a +0 halberd
  5303 | D:4      | Identified a +0 spear
  5304 | D:4      | Identified a +0 whip
  5304 | D:4      | Identified a +0 whip
  5307 | D:4      | Reached skill level 3 in Spellcasting
  5377 | D:4      | Identified a +0 blowgun
  5382 | D:3      | HP: 7/28 [poisoned by kobold (curare-tipped needle)]
  5383 | D:3      | Identified 4 potions of curing
  5606 | D:4      | Identified a +0 short sword
  5687 | D:4      | Found Puomoir's Gadget Shop.
  5712 | D:4      | Identified a +0 spear
  5751 | D:4      | Reached skill level 4 in Hexes
  5782 | D:4      | HP: 6/28 [gnoll/+0 spear (9)]
  5797 | D:4      | HP: 6/28 [gnoll/+0 spear (1)]
  6157 | D:4      | Found a burning altar of Makhleb.
  6230 | D:4      | Identified a +0 dagger
  6230 | D:4      | Identified a +0 short sword
  6231 | D:4      | Identified a +0 short sword
  6231 | D:4      | Identified a +2 short sword of venom
  6514 | D:4      | Identified a +0 whip
  6516 | D:4      | Identified a cursed -1 dagger
  6516 | D:4      | Identified a +0 blowgun
  6517 | D:4      | Identified a +0 quarterstaff
  6518 | D:4      | Identified a +0 dagger
  6523 | D:4      | Identified a +0 short sword of venom
  6561 | D:4      | Reached XP level 7. HP: 21/32 MP: 13/13
  6705 | D:4      | Identified a +0 club
  6846 | D:4      | Identified a +1 short sword of venom
  6864 | D:4      | Identified a +0 war axe
  6884 | D:4      | Identified a +0 dagger
  6884 | D:4      | Identified a +0 blowgun
  7006 | D:4      | Identified a +0 club
  7006 | D:4      | Identified a +0 chain mail
  7006 | D:4      | Identified a +0 dagger
  7010 | D:4      | Identified a +0 dagger
  7010 | D:4      | Identified a +0 robe
  7054 | D:4      | Reached skill level 2 in Shields
  7212 | D:4      | Reached skill level 4 in Spellcasting
  7377 | D:5      | Entered Level 5 of the Dungeon
  7377 | D:5      | Identified a +0 club
  7377 | D:5      | Identified a +0 leather armour
  7378 | D:5      | Identified a +0 chain mail
  7389 | D:5      | Identified a +0 war axe
  7389 | D:5      | Identified a +0 leather armour
  7389 | D:5      | Identified a +0 morningstar
  7394 | D:5      | Identified a +0 war axe
  7647 | D:5      | HP: 8/32 [iguana (13)]
  7653 | D:5      | Identified a +0 dagger
  7653 | D:5      | Identified a cursed +0 robe
  7653 | D:5      | Identified a +0 dagger
  7653 | D:5      | Identified a +0 robe
  7653 | D:5      | Identified a +0 ring mail
  7664 | D:5      | Identified a +0 spear
  7673 | D:5      | Identified a +0 whip
  7673 | D:5      | Identified a +0 leather armour
  7673 | D:5      | HP: 8/32 [bullfrog skeleton (2)]
  7675 | D:5      | HP: 1/32 [bullfrog skeleton (7)]
  7675 | D:5      | Slain by a gnoll

Table legend:
 A = Turns spent in this place as a percentage of turns spent in the entire game.
 B = Non-inter-level travel turns spent in this place as a percentage of non-inter-level travel turns spent in the entire game.
 C = Inter-level travel turns spent in this place as a percentage of turns spent in this place.
 D = Turns resting spent in this place as a percentage of non-inter-level travel turns spent in this place.
 E = Turns spent auto-exploring this place as a percentage of non-inter-level travel turns spent in this place.
 F = Non-inter-level travel turns spent in this place divided by the number of levels of this place that you've seen.
                   A       B       C       D       E      F
               +-------+-------+-------+-------+-------+----------------------
         Total | 100.0 | 100.0 |   4.3 |  41.6 |  29.8 | 1468.6
       Dungeon | 100.0 | 100.0 |   4.3 |  41.6 |  29.8 | 1468.6
               +-------+-------+-------+-------+-------+----------------------

Table legend:
 A = Kills in this place as a percentage of kills in entire the game.
 B = Kills by you in this place as a percentage of kills by you in the entire game.
 C = Kills by friends in this place as a percentage of kills by friends in the entire game.
 D = Other kills in this place as a percentage of other kills in the entire game.
 E = Experience gained in this place as a percentage of experience gained in the entire game.
 F = Experience gained in this place divided by the number of levels of this place that you have seen.
                   A       B       C       D       E      F
               +-------+-------+-------+-------+-------+----------------------
         Total | 100.0 | 100.0 |   N/A |   N/A | 100.0 | 198.8
       Dungeon | 100.0 | 100.0 |   N/A |   N/A | 100.0 | 198.8
               +-------+-------+-------+-------+-------+----------------------

Skill      XL: |  1  2  3  4  5  6  7 |
---------------+----------------------+-----
Stealth        | 5 6 7 8 |  8.0
Short Blades   | 2 3 4 5 |  5.2
Shields        | 1 2 |  2.2
Spellcasting   | 3 4 |  4.0
Hexes          | 4 |  4.9
Dodging        | |  3.0

Action                   |  1- 3 |  4- 6 |  7- 9 || total
-------------------------+-------+-------+-------++-------
Melee: Dagger            |   129 |   262 |       ||   391
       Short sword       |       |    14 |    87 ||   101
Throw: Stone             |       |     1 |       ||     1
 Cast: Corona            |     3 |       |       ||     3
       Ensorcelled Hiber |     7 |    11 |       ||    18
       Confuse           |       |     9 |     1 ||    10
  Use: Scroll            |     1 |     3 |     1 ||     5
       Potion            |       |     1 |     1 ||     2
 Stab: Sleeping          |    11 |    20 |     3 ||    34
       Confused          |       |     3 |       ||     3
       Distracted        |       |       |     1 ||     1
  Eat: Ration            |       |     3 |       ||     3
Armor: Robe              |    17 |    28 |     4 ||    49
Dodge: Dodged            |    95 |   231 |    33 ||   359

Vanquished Creatures
  A big kobold (D:4)
  2 hounds
  An orc priest (D:4)
  2 orc wizards (D:4)
  Ijyb (D:3)
  An iguana (D:5)
  2 worker ants (D:4)
  Natasha (D:3)
  Robin (D:2)
  13 gnolls
  8 adders
  4 worms
  2 dart slugs
  6 leopard geckos
  14 orcs
  7 bats
  4 giant cockroaches
  15 goblins
  6 hobgoblins
  8 jackals
  28 kobolds
  2 quokkas (D:3)
  A ball python (D:4)
  5 frilled lizards
  2 quokka skeletons
  3 rats (D:1)
  A plant (D:4)
141 creatures vanquished.

Vanquished Creatures (others)
  4 plants (D:4)
4 creatures vanquished.

Grand Total: 145 creatures vanquished
